cohdb
Replays
Latest Replays
All Replays
Popular Replays
Top Player Replays
Match Explorer
How It Works
Community
CoH3 Stats
Reddit
Sign in to upload your games and track your stats! →
Sign in with Steam
Match 43508704
Unlisted
Match 43508704
Overview
Messages
Build Orders
End
Panzergrenadier Squad
Selects Battlefield Espionage Battlegroup
Panzergrenadier Squad
Panzergrenadier Squad
Construct Light Support Kompanie
Selects Intel Disruption Beacon
2.5-tonne Medical Truck
Fire Support Elements
Combat Half-tracks
Panzerjäger Mechanized Group
Flakvierling Half-track
Vehicle Survival Package
Construct Panzerarmee Kommand
Selects Plunder
Selects Firestorm
Pak 38 Mechanized Group
Emergency Repair Kits
Selects 250/3 Funkpanzerwagen
Selects Anti-Tank Incendiary Munitions
Armored Reserves
Firestorm
UH|dun! ツ
Crazy Dog
Leafland
ding
DungeonMaster
XDwest
0
0
Comments
sign in to comment!
No comments posted yet!